cohdb
Replays
Latest Replays
All Replays
Popular Replays
Top Player Replays
Match Explorer
How It Works
Community
CoH3 Stats
Reddit
Sign in to upload your games and track your stats! →
Sign in with Steam
Match 43665286
Unlisted
Match 43665286
Overview
Messages
Build Orders
End
Construct Weapon Support Center
Scout Squad
Selects Airborne Battlegroup
Selects Heavy Machine Gun Paradrop
Heavy Machine Gun Paradrop
Heavy Machine Gun Paradrop
Engineer Squad
Infantry Support Center
Selects Paratrooper Squad Paradrop
M3 Armored Personnel Carrier
Paratrooper Squad Paradrop
Construct Medical Station
Bazooka Squad
Bazooka Squad
Construct Tank Depot
Selects Anti-tank Gun Team Paradrop
Selects Recon Loiter
M1919 Machine Gun Team
Recon Loiter
M4A1 Sherman Medium Tank
Selects Supply Drop
Selects Carpet Bombing Run
M4A1 Sherman Medium Tank
Carpet Bombing Run
Supply Drop
Improved M9 Bazooka Rockets
Supply Drop
M4A1 Sherman Medium Tank
Rei
Orangepest
Oziligath
UMirinBrah?
0
0
Comments
sign in to comment!
No comments posted yet!